 Dungeon Crawl Stone Soup version 0.30-a0-972-gf3ab3527aa (webtiles) character file.

Game seed: 13561882043522171773

463 jasper the Chiller (level 6, -1/43 HPs)
             Began as a Vampire Ice Elementalist on Mar 31, 2023.
             Slain by Pikel
             ... wielding a +2 whip of flaming
              (2 damage)
             ... on level 4 of the Dungeon.
             The game lasted 00:06:58 (2586 turns).

jasper the Chiller (Vampire Ice Elementalist)       Turns: 2586, Time: 00:06:59

Health: -1/43      AC:  6    Str:  7    XL:     6   Next: 79%
Magic:  5/11       EV: 12    Int: 19    God:
Gold:   150        SH:  4    Dex: 15    Spells: 4/12 levels left

rFire   . . .      SeeInvis +    k - +8 club
rCold   + . .      Faith    .    f - +0 buckler
rNeg    . . .      Spirit   .    l - +1 robe {Will+}
rPois   +          Reflect  .    (no helmet)
rElec   +          Rampage  .    (no cloak)
rCorr   .                        (no gloves)
Will    ++...                    g - +2 pair of boots
Stlth   ++                       (no amulet)
HPRegen 0.47/turn                h - ring "Noismys" {rElec rC+ Will+}
MPRegen 0.12/turn                m - ring of poison resistance

@: freezing walls, healing quickly
A: alive, fangs 3, see invisible, vampiric 2
a: Exsanguinate


You were on level 4 of the Dungeon.
You visited 1 branch of the dungeon, and saw 4 of its levels.

You collected 150 gold pieces.

Inventory:

Hand Weapons
 c - a +0 vampiric dagger
 k - a +8 club (weapon)
Missiles
 i - 3 boomerangs
Armour
 a - a +0 robe
 f - a +0 buckler (worn)
 g - a +2 pair of boots (worn)
 l - a +1 robe of willpower (worn)
Jewellery
 h - the ring "Noismys" (left hand) {rElec rC+ Will+}
   (You found it on level 4 of the Dungeon)

   [ring of protection from cold]

   rC:        It protects you from cold.
   rElec:     It insulates you from electricity.
   Will:      It increases your willpower.
 m - a ring of poison resistance (right hand)
 p - a +6 ring of dexterity
Scrolls
 n - a scroll of teleportation
Potions
 b - 2 potions of magic
 d - a potion of invisibility
 e - 2 potions of curing
 q - a potion of heal wounds


   Skills:
 + Level 1.0 Fighting
 + Level 2.6 Dodging
 - Level 3.0 Stealth
 + Level 2.5 Shields
 + Level 3.9 Spellcasting
 - Level 1.0 Translocations
 - Level 6.0 Ice Magic


You had 4 spell levels left.
You knew the following spells:

 Your Spells              Type           Power      Damage    Failure   Level
a - Freeze                Ice            100%       1d10      1%          1
b - Frozen Ramparts       Ice            52%        1d8       4%          3
c - Ozocubu's Armour      Ice            26%        N/A       4%          3
d - Apportation           Tloc           14%        N/A       12%         1

Your spell library contained the following spells:

 Spells                   Type           Power      Damage    Failure   Level
 Lesser Beckoning         Tloc           14%        N/A       19%         2
 Gell's Gravitas          Tloc           7%         N/A       36%         3
 Teleport Other           Tloc           7%         N/A       36%         3
 Summon Ice Beast         Ice/Summ       15%        N/A       47%         4
 Inner Flame              Hex/Fire       3%         N/A       50%         3
 Flame Wave               Conj/Fire      3%         2d5       88%         4
 Sticky Flame             Conj/Fire      3%         2d3       88%         4


Dungeon Overview and Level Annotations

Branches:
Dungeon (4/15)
 Temple: D:4-7

Altars:
Trog

Annotations:
D:4 Pikel


Innate Abilities, Weirdness & Mutations

Your natural rate of healing is accelerated.
You have razor-sharp teeth.
You have supernaturally acute eyesight. (SInv)
You are afflicted with vampirism and can become a bat while bloodless.


Message History

Pikel says, "You'll make a fine lemure."
Pikel hits you with a +2 whip of flaming.
Pikel burns you.
You take 3 damage, and have 29/43 hp.
You closely miss Pikel. You bite Pikel, but do no damage.
Pikel is moderately wounded.
The frozen ramparts melt away.
The lemure closely misses you. The lemure misses you.
Pikel hits you with a +2 whip of flaming.
Pikel burns you.
You take 6 damage, and have 23/43 hp.
Casting: Frozen Ramparts (dangerous; 4% risk of failure)
Confirm with . or Enter, or press ? or * to list all spells.
Casting: Frozen Ramparts (dangerous; 4% risk of failure)
Press: ? - help, Dir - look around, f - activate The walls around you are covered in ice.
The wall freezes the lemure but does no damage.
The lemure hits you.
The wall freezes the lemure.
The lemure misses you. The lemure closely misses you.
The wall freezes Pikel but does no damage.
Pikel hits you with a +2 whip of flaming.
Pikel burns you.
* * * LOW HITPOINT WARNING * * *
You take 12 damage, and have 11/43 hp.
MASSIVE DAMAGE!!
You now have 6/11 mp.
Casting: Frozen Ramparts (dangerous; 4% risk of failure)
Confirm with . or Enter, or press ? or * to list all spells.
Aiming: Freeze (safe; 1% risk of failure)
Press: ? - help, Shift-Dir - straight line, f - Pikel
Aim: Pikel, wielding a +2 whip of flaming and wearing a +2 robe of positive energy (moderately wounded)
You freeze Pikel!
Pikel is severely wounded.
The wall freezes the lemure.
The lemure misses you.
The wall freezes the lemure!
You kill the lemure!
That felt strangely unrewarding.
The wall freezes Pikel but does no damage.
Pikel hits you with a +2 whip of flaming!
* * * LOW HITPOINT WARNING * * *
Pikel burns you.
You die...

...#.# .....
#.... . #... #.
... #..####.#
.......K#####.#
#......@)....#
#####.55######
#...# ## #...#
###
...#####...###...
.##.............#
.................
.##...).........#
######...###.##


You could see Pikel and 2 lemures.

Vanquished Creatures
  Sigmund (D:2)
  2 lemures (D:4)
  An orc priest (D:4)
  A hound (D:3)
  Jessica (D:2)
  An orc wizard (D:3)
  3 adders
  4 gnolls (D:4)
  2 ufetubi (D:4)
  2 worms
  2 dart slugs
  14 orcs
  4 bats
  4 endoplasms
  4 giant cockroaches
  6 goblins
  12 hobgoblins
  3 jackals (D:1)
  5 quokkas
  4 ball pythons
  4 frilled lizards
  6 kobolds
  4 rats
90 creatures vanquished.

Notes
Turn   | Place    | Note
-------+----------+-------------------------------------------
     0 | D:1      | jasper the Vampire Ice Elementalist began the quest for the
                  | Orb.
     0 | D:1      | Reached XP level 1. HP: 13/13 MP: 3/3
   124 | D:1      | Reached XP level 2. HP: 19/19 MP: 1/5
   329 | D:1      | Found a faded altar of an unknown god.
   351 | D:1      | Got Plato's Vellum of Dislocation
   429 | D:1      | Gained mutation: You are afflicted with vampirism and can
                  | become a bat while bloodless. [Vampire growth]
   429 | D:1      | Reached XP level 3. HP: 24/24 MP: 4/7
   433 | D:1      | Learned a level 3 spell: Frozen Ramparts
   838 | D:2      | Learned a level 3 spell: Ozocubu's Armour
   861 | D:2      | Noticed Jessica
   872 | D:2      | Killed Jessica
   930 | D:2      | Reached XP level 4. HP: 27/30 MP: 4/8
   932 | D:2      | Learned a level 1 spell: Apportation
  1143 | D:2      | Reached skill level 1 in Shields
  1143 | D:2      | Reached skill level 5 in Ice Magic
  1218 | D:2      | Noticed Sigmund
  1239 | D:2      | Killed Sigmund
  1240 | D:2      | Reached XP level 5. HP: 24/35 MP: 3/10
  1240 | D:2      | Reached XP level 6. HP: 28/41 MP: 3/11
  1707 | D:3      | Found a bloodstained altar of Trog.
  1818 | D:3      | Reached skill level 6 in Ice Magic
  2287 | D:4      | Identified the ring "Noismys" {rElec rC+ Will+}
  2376 | D:4      | Reached skill level 1 in Translocations
  2379 | D:4      | Reached skill level 1 in Fighting
  2575 | D:4      | Noticed Pikel
  2586 | D:4      | HP: 1/43 [Pikel/+2 whip of flaming (10)]
  2586 | D:4      | Slain by Pikel

Illustrated notes

Levels and vault maps discovered:
D:1:      wander_arrival_chamber, layout_rooms,
          shapermc_ecumenical_altar_rom_forum,
          nicolae_concentric_dashed_squares_mild
D:2:      layout_rooms, minmay_tetromino_o4, uniq_jessica, uniq_sigmund
D:3:      layout_basic, bloody_trog
D:4:      layout_loops_cross, mainiacjoe_overflow_cross_hatched,
          kennysheep_cluttered_room, uniq_pikel, uniq_robin

Skill      XL: |  1  2  3  4  5  6 |
---------------+-------------------+-----
Spellcasting   | 3 |  3.9
Shields        | 2 |  2.5
Ice Magic      | 5 6 |  6.0
Translocations | 1 |  1.0
Fighting       | 1 |  1.0
Dodging        | |  2.6
Stealth        | |  3.0

Action                     |  1- 3 |  4- 6 || total
---------------------------+-------+-------++-------
  Melee: Dagger            |    47 |       ||    47
         Bite              |     5 |     4 ||     9
         Club              |       |    66 ||    66
   Cast: Freeze            |    36 |    24 ||    60
         Frozen Ramparts   |     1 |    11 ||    12
    Use: Scroll            |     1 |     8 ||     9
   Stab: Sleeping          |       |     2 ||     2
 Armour: Robe              |    14 |    29 ||    43
  Dodge: Dodged            |    47 |    69 ||   116
  Block: Buckler           |       |     9 ||     9

Table legend: (Time is in decaauts)
 A = Elapsed time spent in this place.
 B = Non-inter-level travel time spent in this place.
 C = Inter-level travel time spent in this place.
 D = Time resting spent in this place.
 E = Time spent auto-exploring this place.
 F = Levels seen in this place.
 G = Mean time per level.
                   A        B        C        D        E       F      G
               +--------+--------+--------+--------+--------+-----+--------+
         Total |   2603 |   2497 |    106 |     62 |   1797 |   4 |  650.8 |
       Dungeon |   2603 |   2497 |    106 |     62 |   1797 |   4 |  650.8 |
               +--------+--------+--------+--------+--------+-----+--------+

Top non-repeatable levels by time:
     D:2: 799 daAuts
     D:1: 734 daAuts
     D:3: 706 daAuts
     D:4: 363 daAuts
